Map: [ESL] Moondance

Players

Cham - Winner!

  • Race: Zerg Zerg
  • Spawn Location: 6:00

eGGz

  • Race: Zerg Zerg
  • Spawn Location: 12:00

Event: DreamHack SC2 Masters 2022 Atlanta (Online)

VOD

Have the link to the VOD?

Description

Time

  • Played on: Sept. 30, 2022, 5:14 p.m.
  • Length: 5:15

All games in this series

Show
View Real Time Build Order
Export as new Build Order

Cham Zerg - Winner!

Build Orders: Hatch First, Zergling Baneling 

Get SALT Encoding   

  12  0:00  Drone  
  13  0:12  Overlord  
  13  0:16  Drone  
  14  0:32  Drone x2  
  16  0:48  Hatchery  
  15  0:51  Drone  
  16  0:58  Drone  
  16  1:00  Drone  
  18  1:13  Spawning Pool  
  18  1:15  Extractor  
  18  1:16  Drone  
  17  1:20  Drone  
  18  1:28  Drone  
  19  2:00  Zergling x6, Queen x2  
  26  2:10  Zergling x2  
  27  2:18  Zergling x2  
  28  2:25  Metabolic Boost  
  28  2:32  Overlord  
  28  2:42  Overlord  
  28  2:54  Zergling x10  
  33  2:59  Zergling x2  
  34  3:06  Zergling x4  
  34  3:10  Zergling x4  
  34  3:11  Zergling x2  
  39  3:16  Zergling x4  
  41  3:21  Zergling x2  
  42  3:27  Zergling x4  
  42  3:34  Baneling Nest  
  42  3:38  Zergling x2  
  42  3:39  Zergling x2  
  40  3:45  Zergling x2  
  40  3:46  Zergling x2  
  42  3:53  Overlord  
  42  4:02  Zergling x4  
  43  4:17  Zergling x10  
  43  4:23  Baneling x2  
  48  4:25  Baneling  
  48  4:26  Baneling x2  
  48  4:28  Baneling  
  48  4:29  Baneling  
  48  4:37  Baneling  
  48  4:38  Baneling x2  
  47  4:50  Zergling x10  
  38  4:52  Zergling x2  
  38  4:57  Zergling x2  
Show
View Real Time Build Order
Export as new Build Order

eGGz Zerg 

Build Orders: Pool First 

Get SALT Encoding   

  12  0:17  Spawning Pool  
  11  0:22  Drone  
  11  0:27  Drone  
  13  0:34  Drone  
  14  0:43  Overlord  
  14  1:01  Extractor  
  13  1:04  Zergling x4  
  13  1:05  Zergling x2  
  13  1:06  Queen  
  18  1:17  Zergling x2  
  19  1:30  Zergling x2  
  20  1:42  Hatchery  
  19  1:50  Zergling x2  
  19  1:53  Zergling x2  
  20  2:12  Metabolic Boost  
  21  2:15  Zergling x2  
  21  2:17  Zergling x2  
  22  2:30  Overlord  
  22  2:33  Extractor  
  22  2:34  Zergling x2  
  23  2:49  Zergling x6  
  26  2:55  Zergling x2  
  26  3:05  Zergling x2  
  27  3:13  Overlord  
  27  3:33  Zergling x10  
  31  3:41  Baneling Nest  
  31  3:45  Zergling x2  
  31  3:50  Zergling x2  
  32  4:01  Zergling x4  
  33  4:06  Zergling x2  
  33  4:16  Zergling x4  
  34  4:24  Zergling x2  
  34  4:28  Baneling  
  34  4:29  Baneling x2  
  33  4:35  Zergling x2  
  33  4:38  Baneling  
  25  4:55  Zergling x2  
  25  4:56  Zergling x4  
Tags
 
Add a new tag
Caveats
  • Supply blocks, unpowered buildings, or Contaminate may cause inaccurate times.
  • Supply counts are checked every 10 seconds.